 Dungeon Crawl Stone Soup version 0.20-a0-927-g1ae2c61 (webtiles) character file.

112 Goblin1989 the Slasher (level 4, -4/23 HPs)
             Began as a Vine Stalker Fighter on Mar 28, 2017.
             Slain by an orc priest
             ... wielding a +0 mace
              (6 damage)
             ... on level 3 of the Dungeon.
             The game lasted 00:05:11 (1730 turns).

Goblin1989 the Slasher (Vine Stalker Fighter)       Turns: 1730, Time: 00:05:12

Health: -4/23      AC:  6    Str: 20    XL:     4   Next: 93%
Magic:  0/5        EV:  7    Int:  8    God:
Gold:   95         SH: 11    Dex: 13    Spells: 3/3 levels left

rFire    . . .     SeeInvis .   m - -3 long sword (curse)
rCold    . . .     Gourm    .   i - +2 shield
rNeg     . . .     Faith    .   b - +0 scale mail
rPois    .         Spirit   +   (no helmet)
rElec    .         Reflect  .   (no cloak)
rCorr    .         Harm     .   (no gloves)
MR       .....     Rnd*Tele +   (no boots)
Stlth    ..........             (no amulet)
Regen    0.5/turn               t - ring of teleportation (curse)
MPRegen  0.1/turn               (no ring)

@: no status effects
A: fangs 2, regeneration 1, magic shield, antimagic bite, no potion heal 3, rot
immunity
a: no special abilities


You were on level 3 of the Dungeon.
You were not hungry.

You visited 1 branch of the dungeon, and saw 3 of its levels.

You collected 95 gold pieces.

Inventory:

Hand Weapons
 a - a +1 long sword
 m - a cursed -3 long sword (weapon)
 w - a +0 blowgun {@w1}
Missiles
 c - 15 poisoned needles
Armour
 b - a +0 scale mail (worn)
 i - a +2 shield (worn)
Jewellery
 t - a cursed ring of teleportation (left hand)
Wands
 L - a wand of lightning (15/15)
Scrolls
 h - a scroll of remove curse {unknown}
 R - a scroll of identify {@r1}
Potions
 d - a potion of might
 g - a potion of curing {@q1}
 l - a potion of magic
Comestibles
 e - 3 bread rations {@e1}
 f - a chunk of flesh
 k - a meat ration {@e2}


   Skills:
 + Level 2.6 Fighting
 * Level 4.3 Long Blades
 + Level 2.4 Armour
 + Level 0.1 Dodging
 + Level 2.8 Shields


You had 3 spell levels left.
You didn't know any spells.

Dungeon Overview and Level Annotations

Branches:
Dungeon (3/15)

Altars:
Cheibriados
Nemelex Xobeh
Qazlal
Yredelemnul


Innate Abilities, Weirdness & Mutations

You have extremely sharp teeth.
Your natural rate of healing is unusually fast.
When hurt, damage is shared between your health and your magic reserves.
Your bite disrupts and absorbs the magic of your enemies.
Potions cannot restore your health.
You are immune to rotting.


Message History

An orc comes into view. It is wielding a club.
Your scale mail prevents you from hitting the orc.
The orc shouts!
You bite the orc. You drain its power.
You kill the orc!
You hear a shout! x2
You completely miss the orc. The orc hits you but does no damage.
An orc wizard comes into view. It is wielding a dagger.
You closely miss the orc. Your bite misses the orc. You block the orc's attack.
You closely miss the orc. Your bite misses the orc. The orc barely misses you.
You riposte.
You barely miss the orc.
Your shield and scale mail prevent you from hitting the orc wizard.
You bite the orc wizard, but do no damage.
You block the orc wizard's attack. The orc hits you but does no damage.
Your shield and scale mail prevent you from hitting the orc wizard.
Your bite misses the orc wizard.
The orc wizard hits you but does no damage.
You block the orc's attack.
The orc wizard hits you but does no damage.
You barely miss the orc wizard.
You bite the orc wizard, but do no damage.
You block the orc's attack.
The orc wizard hits you but does no damage.
The orc hits you with a club.
You take 1 damage, and have 22/23 hp.
You closely miss the orc wizard. Your bite misses the orc wizard.
You block the orc wizard's attack. You block the orc's attack.
Health restored: 23 You hit the orc wizard.
You bite the orc wizard.
The orc wizard's magic leaks into the air.
You drain its magic.
The orc wizard is heavily wounded.
The orc wizard hits you but does no damage.
The orc hits you with a club.
Some of the chunks of flesh in your inventory have rotted away.
An orc priest comes into view. It is wielding a mace.
You take 1 damage, and have 22/23 hp.
You closely miss the orc.
The orc priest shouts!
The orc wizard hits you but does no damage.
The orc hits you but does no damage.
The orc priest begins to cast a cantrip, but forgets the words!
The orc wizard hits you but does no damage.
Health restored: 23 You hit the orc.
The orc is lightly wounded.
You block the orc's attack. The orc wizard barely misses you.
You barely miss the orc.
The orc is lightly wounded.
The orc hits you but does no damage. The orc wizard barely misses you.
You slash the orc!
You kill the orc!
The orc priest miscasts a cantrip.
The orc wizard hits you with a dagger.
You take 2 damage, and have 21/23 hp.
The orc priest looks encouraged for a moment.
The orc wizard hits you but does no damage.
Things that are here:
a club; an orc corpse You barely miss the orc priest.
You bite the orc priest, but do no damage.
The orc priest mumbles some strange prayers to Beogh against you.
Pain shoots through your body! The orc wizard barely misses you.
The orc priest hits you with a mace.
You take 10 damage, and have 11/23 hp.
MASSIVE DAMAGE!!
You now have 3/5 mp.
Unknown command.
You closely miss the orc priest. You block the orc wizard's attack.
The orc priest looks encouraged for a moment.
The orc wizard hits you but does no damage.
You hit the orc priest.
The orc priest is moderately wounded.
The orc priest barely misses you. The orc wizard hits you with a dagger.
You barely miss the orc priest.
The orc priest is moderately wounded.
You block the orc wizard's attack.
The orc priest looks braver for a moment.
You hit the orc priest but do no damage.
The orc priest is moderately wounded.
The orc wizard hits you but does no damage.
You block the orc priest's attack.
You hit the orc wizard. Your bite misses the orc wizard.
The orc wizard is severely wounded.
You block the orc wizard's attack.
The orc priest looks encouraged for a moment.
You block the orc wizard's attack.
You hit the orc priest but do no damage.
The orc priest is moderately wounded.
The orc priest calls down the wrath of Beogh upon you.
Pain shoots through your body!
The orc wizard casts a spell.
The orc wizard flickers and vanishes!
Deactivating autopickup; reactivate with Ctrl-A.
The orc priest calls down the wrath of Beogh upon you.
Beogh smites you!
* * * LOW HITPOINT WARNING * * *
You take 12 damage, and have 1/23 hp.
MASSIVE DAMAGE!!
You now have 0/5 mp.
You barely miss the orc priest.
The orc priest is moderately wounded.
Something hits you but does no damage. The orc priest hits you with a mace.
You die... ██.████.█ ...(....██.█ ██.(██████.█ ██(█

███.███████
█.████.........█
█)).........██.█
██.█)█.█.██.██.█ █
████..█.......██{█.█████
.....███........@......█
█████.█.......██o█.███.█
██.█....█.██.█ █
███......██.█
█.........█ ███.███████
█▲█


You could see an orc priest.

Vanquished Creatures
  Jessica (D:2)
  3 adders
  An ooze (D:2)
  A dart slug (D:2)
  3 orcs (D:3)
  A giant cockroach (D:2)
  8 goblins
  7 hobgoblins
  4 jackals
  7 kobolds
  A quokka (D:3)
  6 bats
  4 frilled lizards
  2 rats (D:2)
49 creatures vanquished.

Notes
Turn   | Place    | Note
-------+----------+-------------------------------------------
     0 | D:1      | Goblin1989 the Vine Stalker Fighter began the quest for the Orb.
     0 | D:1      | Reached XP level 1. HP: 11/11 MP: 2/2
    62 | D:1      | Reached skill level 2 in Long Blades
   189 | D:1      | Reached XP level 2. HP: 16/16 MP: 3/3
   714 | D:2      | Found a stormy altar of Qazlal.
   725 | D:2      | Found a snail-covered altar of Cheibriados.
   729 | D:2      | Reached skill level 3 in Long Blades
   729 | D:2      | Reached XP level 3. HP: 18/19 MP: 4/4
   998 | D:2      | Noticed Jessica
  1005 | D:2      | Killed Jessica
  1005 | D:2      | Gained mutation: Your natural rate of healing is unusually fast. [Vine Stalker growth]
  1005 | D:2      | Reached XP level 4. HP: 14/23 MP: 5/5
  1051 | D:2      | Reached skill level 4 in Long Blades
  1195 | D:2      | Found a sparkling altar of Nemelex Xobeh.
  1655 | D:3      | Found a basalt altar of Yredelemnul.
  1729 | D:3      | HP: 1/23 [orc priest/divine providence (11)]
  1730 | D:3      | Slain by an orc priest

Vault maps used:
D:1:      saegor_arrival_simple_c, minivault_14, minmay_splitting_lines
D:2:      kennysheep_slug_shrine, overflow_temple_1_default,
          lemuel_doored_altar, dk_noncrumbling_2, uniq_jessica
D:3:      old_standard_altar

Skill      XL: |  1  2  3  4 |
---------------+-------------+-----
Long Blades    | 2 3 4 |  4.3
Fighting       | |  2.6
Armour         | |  2.4
Dodging        | |  0.1
Shields        | |  2.8

Action                   |  1- 3 |  4- 6 || total
-------------------------+-------+-------++-------
Melee: Long sword        |    78 |   107 ||   185
       Bite              |    18 |    20 ||    38
  Use: Scroll            |     3 |     2 ||     5
  Eat: Chunk             |       |     3 ||     3
Armor: Scale mail        |    45 |    43 ||    88
Dodge: Dodged            |    24 |    35 ||    59
Block: Shield            |    46 |    57 ||   103
       Rpst.: Long sword |    13 |    10 ||    23

Vault maps used:
D:1:      saegor_arrival_simple_c, minivault_14, minmay_splitting_lines
D:2:      kennysheep_slug_shrine, overflow_temple_1_default,
          lemuel_doored_altar, dk_noncrumbling_2, uniq_jessica
D:3:      old_standard_altar
